 Dungeon Crawl Stone Soup version 0.25-a0-1133-g93ebf73 (webtiles) character file.

Game seed: 10270362097368499475, levelgen mode: deterministic

141 thirtiethelement the Shooter (level 5, -3/39 HPs)
             Began as a Human Hunter on May 21, 2020.
             Slain by Grinder (8 damage)
             ... on level 3 of the Dungeon.
             The game lasted 00:14:22 (2456 turns).

thirtiethelement the Shooter (Human Hunter)         Turns: 2456, Time: 00:14:23

Health: -3/39      AC:  3    Str: 12    XL:     5   Next: 48%
Magic:  5/5        EV: 12    Int: 11    God:
Gold:   219        SH:  0    Dex: 15    Spells: 4/4 levels left

rFire    . . .     SeeInvis .   a - +1 shortbow
rCold    . . .     Gourm    .   (shield currently unavailable)
rNeg     . . .     Faith    .   c - +0 leather armour
rPois    .         Spirit   .   (no helmet)
rElec    .         Reflect  .   (no cloak)
rCorr    +         Harm     .   (no gloves)
MR       .....                  (no boots)
Stlth    ++........             (no amulet)
HPRegen  0.13/turn              g - ring of resist corrosion
MPRegen  0.09/turn              (no ring)

@: no status effects
A: no striking features
a: no special abilities


You were on level 3 of the Dungeon.
You were not hungry.

You visited 1 branch of the dungeon, and saw 3 of its levels.

You collected 219 gold pieces.

Inventory:

Hand Weapons
 a - a +1 shortbow (weapon)
 b - a +0 short sword
Missiles
 e - 4 poisoned darts (quivered)
Armour
 c - a +0 leather armour (worn)
Jewellery
 g - a ring of resist corrosion (left hand)
Scrolls
 h - 4 scrolls of teleportation
 i - 5 scrolls of remove curse
 l - a scroll of amnesia
 m - a scroll of fog {unknown}
 n - a scroll of immolation {unknown}
Potions
 j - 2 potions of stabbing
 k - a potion of flight
Comestibles
 f - 2 rations


   Skills:
 + Level 2.5 Fighting
 + Level 5.9 Bows
 + Level 0.8 Armour
 + Level 2.0 Dodging
 + Level 1.1 Stealth


You had 4 spell levels left.
You didn't know any spells.
Your spell library was empty.

Dungeon Overview and Level Annotations

Branches:
Dungeon (3/15)

Altars:
Cheibriados
Yredelemnul
The Shining One

Annotations:
D:3 Grinder


Message History

Grinder barely misses you.
Throwing (i - inventory)
e - 7 poisoned darts (quivered)
Press: ? - help, Shift-Dir - straight line, f/p - Grinder
Aim: Grinder (almost dead)
You throw a poisoned dart. The poisoned dart hits Grinder.
Grinder is almost dead.
Grinder barely misses you.
Throwing (i - inventory)
e - 6 poisoned darts (quivered)
Press: ? - help, Shift-Dir - straight line, f/p - Grinder
Aim: Grinder (almost dead)
You throw a poisoned dart. The poisoned dart hits Grinder.
Grinder is almost dead.
Grinder closely misses you.
Throwing (i - inventory)
e - 5 poisoned darts (quivered)
Press: ? - help, Shift-Dir - straight line, f/p - Grinder
Aim: Grinder (almost dead)
You throw a poisoned dart. The poisoned dart hits Grinder.
Grinder is poisoned.
Grinder is almost dead.
Grinder hits you!
You die...

######### #.......#
#.###.### #.# #.#
############.###@#######.#.
................5.(.....(..
############.#.#(##(####.#.
#.#........ .. .
#.#.#(##.##.# .####.
#.#.#(..... .. .....
#####.#......... %. ...
#........(...... . ..#
#............#. # ##.#


You could see Grinder (poisoned).

Vanquished Creatures
  4 adders (D:3)
  4 gnolls (D:2)
  An ooze (D:2)
  An adder skeleton (D:2)
  3 dart slugs
  2 leopard geckos
  2 giant cockroaches
  10 goblins
  7 hobgoblins
  6 bats
  3 frilled lizards
  3 kobolds
  8 rats
54 creatures vanquished.

Vanquished Creatures (others)
  A frilled lizard (D:2)
  A rat (D:2)
2 creatures vanquished.

Grand Total: 56 creatures vanquished

Notes
Turn   | Place    | Note
-------+----------+-------------------------------------------
     0 | D:1      | thirtiethelement the Human Hunter began the quest for the
                  | Orb.
     0 | D:1      | Reached XP level 1. HP: 16/16 MP: 1/1
    92 | D:1      | Reached XP level 2. HP: 22/22 MP: 2/2
   673 | D:1      | Reached XP level 3. HP: 27/27 MP: 3/3
   793 | D:2      | Found a snail-covered altar of Cheibriados.
   896 | D:2      | Reached skill level 5 in Bows
   900 | D:2      | Reached XP level 4. HP: 28/33 MP: 4/4
  1107 | D:2      | Found a basalt altar of Yredelemnul.
  1204 | D:2      | Found a glowing golden altar of the Shining One.
  1604 | D:3      | Reached XP level 5. HP: 39/39 MP: 5/5
  2427 | D:3      | Noticed Grinder
  2428 | D:3      | Paralysed by Grinder for 3 turns
  2439 | D:3      | Paralysed by Grinder for 7 turns
  2456 | D:3      | Slain by Grinder

Illustrated notes

Levels and vault maps discovered:
D:1:      nicolae_arrival_memento_mori, layout_loops_ring,
          chequers_serial_rivers_room_a
D:2:      layout_basic, lemuel_crystal_altar, kennysheep_slug_shrine,
          overflow_temple_1_default, chequers_serial_rivers_micro_e,
          lemuel_another_geyser
D:3:      layout_basic, first_ration, kennysheep_generic_room_9, uniq_grinder

Skill      XL: |  1  2  3 |
---------------+----------+-----
Bows           | 5 |  5.9
Fighting       | |  2.5
Armour         | |  0.8
Dodging        | |  2.0
Stealth        | |  1.1

Action                   |  1- 3 |  4- 6 || total
-------------------------+-------+-------++-------
 Fire: Shortbow          |    70 |   124 ||   194
Throw: Dart              |       |     4 ||     4
  Use: Scroll            |       |     5 ||     5
  Eat: Ration            |       |     2 ||     2
Armor: Leather armour    |     9 |    17 ||    26
Dodge: Dodged            |    22 |    50 ||    72

Table legend:
 A = Non-vault XP
 B = Vault XP
 C = Vault XP percentage of total XP
 D = Non-vault monster count
 E = Vault monster count
 F = Vault count percentage of total count
                 A         B        C        D         E       F
            +---------+---------+-------+---------+---------+-------
      Total |     196 |       6 |   3.0 |      52 |       2 |   3.7
            +---------+---------+-------+---------+---------+-------
        D:1 |      33 |       0 |   0.0 |      20 |       0 |   0.0
        D:2 |      89 |       4 |   4.3 |      18 |       1 |   5.3
        D:3 |      74 |       2 |   2.6 |      14 |       1 |   6.7
            +---------+---------+-------+---------+---------+-------
